 Dungeon Crawl Stone Soup version 0.28.0-53-g5a82cb258f (webtiles) character file.

Game seed: 7845796001300056586

78 Descartes the Ducker (level 4, 0/19 HPs)
             Began as a Felid Wanderer on July 9, 2022.
             Slain by a hound (1 damage)
             ... on level 3 of the Dungeon.
             The game lasted 00:07:19 (5060 turns).

Descartes the Ducker (Felid Wanderer)               Turns: 5060, Time: 00:07:20

Health: 0/19       AC:  1    Str: 12    XL:     4   Next: 15%
Magic:  5/5        EV: 19    Int: 12    God:
Gold:   162        SH:  0    Dex: 15    Spells: 3/3 levels left
                                        Lives:  0   Deaths: 1

rFire   . . .      SeeInvis +     - Unarmed
rCold   . . .      Faith    .   (shield unavailable)
rNeg    . . .      Spirit   .   (armour unavailable)
rPois   .          Reflect  .   (helmet unavailable)
rElec   .          Harm     .   (cloak unavailable)
rCorr   .          Rampage  .   (gloves unavailable)
Will    .....                   (boots unavailable)
Stlth   +++.......              (no amulet)
HPRegen 0.06/turn               (no ring)
MPRegen 0.09/turn               (no ring)

@: quick
A: very small, claws 1, fangs 3, see invisible, speed 1, shaggy fur 1, stealthy
paws, no weapons or thrown items, no armour, multi-lived
a: no special abilities


You were on level 3 of the Dungeon.
You visited 1 branch of the dungeon, and saw 4 of its levels.

You collected 162 gold pieces.

Inventory:

Wands
 b - a wand of flame (3) (quivered)
Scrolls
 f - a scroll of immolation {unknown}
 g - a scroll of blinking {unknown}
 h - 3 scrolls of teleportation {unknown}
 k - 3 scrolls of identify {unknown}
 m - 2 scrolls of enchant weapon {unknown}
 o - a scroll of acquirement {unknown}
 p - a scroll of noise {unknown}
Potions
 a - 2 potions of attraction
 c - 2 potions of might {unknown}
 d - 2 potions of curing {unknown}
 e - a potion of heal wounds {unknown}
 i - a potion of mutation {unknown}
 j - a potion of lignification {unknown}
 l - 2 potions of flight {unknown}
 n - 2 potions of haste {unknown}


   Skills:
 - Level 1.0 Fighting
 + Level 5.2 Dodging
 * Level 4.9 Stealth
 + Level 3.1 Unarmed Combat
 - Level 1.0 Invocations
 - Level 3.2 Evocations


You had 3 spell levels left.
You didn't know any spells.
Your spell library was empty.

Dungeon Overview and Level Annotations

Branches:
Dungeon (4/15)
 Temple: D:4-7

Altars:
Qazlal
Wu Jian

Shops:
D:2 *

Annotations:
D:3 1 runed translucent door, Revguard's ghost, amateur HOFi
D:4 Robin


Innate Abilities, Weirdness & Mutations

You have sharp claws.
You have razor-sharp teeth.
You have supernaturally acute eyesight. (SInv)
You cover ground quickly. (Speed+)
You are covered in fur. (AC +1)
Your paws help you pounce on unaware monsters.
You are incapable of wielding weapons or throwing items.
You cannot wear armour.
You gain extra lives every three experience levels.


Message History

You are too injured to fight recklessly!
You are too injured to fight recklessly!
You are too injured to fight recklessly!
You are too injured to fight recklessly!
You are too injured to fight recklessly!
You are too injured to fight recklessly!
You are too injured to fight recklessly!
You are too injured to fight recklessly!
You scratch the hound but do no damage.
The hound is lightly wounded.
The hound closely misses you.
You scratch the hound.
The hound is heavily wounded.
The hound bites you.
* * * LOW HITPOINT WARNING * * *
The hound closely misses you.
You barely miss the hound.
The hound is heavily wounded.
The hound closely misses you.
You scratch the hound but do no damage.
The hound is heavily wounded.
The hound misses you. x2
You scratch the hound but do no damage.
The hound is heavily wounded.
The hound misses you.
You claw the hound!
The hound is almost dead.
The hound misses you.
You completely miss the hound.
The hound is almost dead.
The hound bites you.
* * * LOW HITPOINT WARNING * * *
The hound misses you.
You scratch the hound but do no damage.
The hound is almost dead.
The hound closely misses you.
You scratch the hound. Your bite misses the hound.
The hound is almost dead.
The hound bites you.
You die...

# ########.#..# #.# # ####
#........#..# #.# # .'.#
#.########..# #.# # ##.# #.# #..#
#.# # ##.# #.# #<.# #.# # ##.#
#.# #..# #.# # ##.#######.# #..#
#.# #
..)........########..###.########
###########.....@h...............
...............##################
###########.#### .........†..#
#############


You could see a hound.

Vanquished Creatures
  A scorpion (D:4)
  An adder (D:2)
  An ufetubus (D:3)
  A worm (D:2)
  2 dart slugs (D:1)
  7 ball pythons
  4 bats
  4 endoplasms
  6 giant cockroaches
  10 goblins
  5 hobgoblins
  4 jackals
  5 quokkas
  3 frilled lizards
  4 kobolds
  6 rats
64 creatures vanquished.

Notes
Turn   | Place    | Note
-------+----------+-------------------------------------------
     0 | D:1      | Descartes the Felid Wanderer began the quest for the Orb.
     0 | D:1      | Descartes set off with the following items: a potion of
                  | attraction, a wand of flame (3)
     0 | D:1      | Reached XP level 1. HP: 9/9 MP: 2/2
    56 | D:1      | Found a faded altar of an unknown god.
    57 | D:1      | Noticed an eye of devastation
    59 | D:1      | Noticed a floating eye
    60 | D:1      | Noticed a great orb of eyes
    60 | D:1      | Noticed a floating eye
    82 | D:1      | Reached skill level 1 in Stealth
   399 | D:1      | Reached XP level 2. HP: 12/12 MP: 3/3
  1246 | D:1      | Reached XP level 3. HP: 1/15 MP: 4/4
  2189 | D:2      | Found Etaoxoobobb's General Store.
  3101 | D:3      | Noticed Revguard's ghost (amateur HOFi)
  3101 | D:3      | Found a runed translucent door.
  3104 | D:3      | Reached XP level 4. HP: 19/19 MP: 5/5
  3578 | D:3      | Found a stormy altar of Qazlal.
  3966 | D:3      | Found an ornate altar of the Wu Jian Council.
  4121 | D:4      | Noticed a scorpion
  4128 | D:4      | Killed a scorpion
  4129 | D:4      | Reached skill level 5 in Dodging
  4137 | D:4      | Noticed Robin
  4184 | D:3      | Reached XP level 5. HP: 13/22 MP: 6/6
  4725 | D:3      | HP: 1/22 [ufetubus (1)]
  4729 | D:3      | Slain by an ufetubus
  4730 | D:3      | Reached XP level 4. HP: 0/19 MP: 5/5
  5060 | D:3      | Slain by a hound

Illustrated notes

Levels and vault maps discovered:
D:1:      dpeg_arrival_arbitrary_b, layout_rooms,
          hellmonk_ecumenical_altar_watching_god, minmay_tall_x
D:2:      layout_basic, serial_shops, shop
D:3:      layout_loops_ring, grunt_qazlal_clouds, nicolae_wu_jian_glorious_leap,
          hellmonk_ghost_happy_afterlife, grunt_ministairs_11
D:4:      layout_rooms, serial_bayou_pond_e, grunt_ministairs_5, uniq_robin

Skill      XL: |  1  2  3  4 |
---------------+-------------+-----
Stealth        | 1 2 3 4 |  4.9
Dodging        | 5 |  5.2
Unarmed Combat | 3 |  3.1
Fighting       | |  1.0
Invocations    | |  1.0
Evocations     | |  3.2

Action                   |  1- 3 |  4- 6 || total
-------------------------+-------+-------++-------
Melee: Unarmed           |   112 |    79 ||   191
       Bite              |    11 |     2 ||    13
       Punch             |     2 |       ||     2
 Stab: Sleeping          |     8 |     5 ||    13
Armor: Skin              |     8 |     2 ||    10
Dodge: Dodged            |    74 |   116 ||   190
